 Dungeon Crawl Stone Soup version 0.30-a0-953-g5f1da4a474 (webtiles) character file.

Game seed: 6858775795102526794

3634962 hellse the Wrestler (level 27, 296/296 HPs)
             Began as a Troll Delver on Mar 9, 2023.
             Was the Champion of the Shining One.
             Escaped with the Orb
             ... and 5 runes on Mar 28, 2023!
             The game lasted 02:18:08 (57633 turns).

hellse the Wrestler (Troll Delver)                 Turns: 57633, Time: 02:18:09

Health: 296/296    AC: 39    Str: 40    XL:     27
Magic:  44/44      EV: 12    Int:  4    God:    the Shining One [******]
Gold:   1707       SH: 15    Dex: 24    Spells: 20/26 levels left

rFire   + + +      SeeInvis +      - Unarmed
rCold   + + +      Faith    .    a - +1 kite shield of Demonic Beauty {Str+5 SInv}
rNeg    + + +      Spirit   .    Z - +11 gold dragon scales
rPois   +          Reflect  .    K - +5 hat of the Dwarven Hall {rF+ Regen+ Int-2}
rElec   .          Rampage  .    W - +2 cloak of the Fifty Nights {Will+ Dex+5}
rCorr   .          Clarity  +    (gloves unavailable)
Will    ++++.                    (boots unavailable) Stlth
                                 O - amulet of regeneration
HPRegen 3.09/turn                U - ring of willpower
MPRegen 0.29/turn                D - ring "Leal" {Contam rPois rC+ MP+9 Str+5}

@: flying, glowing, studying Stealth
A: large, unfitting armour, claws 3, regeneration 1, shaggy fur 1, tough skin 1,
clarity, cold resistance 2, fire resistance 1
0: Orb of Zot
}: 5/15 runes: decaying, slimy, silver, abyssal, gossamer
a: Renounce Religion, Divine Shield, Cleansing Flame, Summon Divine Warrior,
Brand Weapon With Holy Wrath


You escaped.
You worshipped the Shining One.
The Shining One was exalted by your worship.
You visited 12 branches of the dungeon, and saw 56 of its levels.
You visited the Abyss 2 times.
You visited 2 bazaars.
You visited 1 ziggurat, and saw 6 of its levels.
You also visited: Ossuary, Bailey, Gauntlet and Volcano.

You collected 8478 gold pieces.
You spent 6771 gold pieces at shops.

Inventory:

Missiles
 i - 11 silver javelins
 o - 59 large rocks (quivered)
 z - 24 javelins
Armour
 a - the +1 kite shield of Demonic Beauty (worn) {Str+5 SInv}
   (You found it in a Gauntlet)

   Str:       It affects your strength (+5).
   SInv:      It lets you see invisible.
 g - the +0 acid dragon scales of the Tired Nightingales {rF+ rCorr}
   (Okawaru gifted it to you on level 3 of the Lair of Beasts)

   rF:        It protects you from fire.
   rCorr:     It protects you from acid and corrosion.
 w - a scarf of resistance
 H - the scarf "Muuduas" {+Inv, Int+2 Dex+4}
   (Okawaru gifted it to you on level 3 of the Elven Halls)

   Int:       It affects your intelligence (+2).
   Dex:       It affects your dexterity (+4).
 J - the +5 hat "Faschaer" {Str+4}
   (Okawaru gifted it to you on level 13 of the Dungeon)

   Str:       It affects your strength (+4).
 K - the +5 hat of the Dwarven Hall (worn) {rF+ Regen+ Int-2}
   (Okawaru gifted it to you on level 2 of the Depths)

   Int:       It affects your intelligence (-2).
   rF:        It protects you from fire.
   Regen:     It increases your rate of health regeneration.
 R - the +9 ice dragon scales of Qazlal, Keeping {rF- rC++ Slay+3}
   (You took it off a minotaur in a Gauntlet)

   Slay:      It affects your accuracy & damage with ranged weapons and melee
   (+3).
   rF:        It makes you vulnerable to fire.
   rC:        It greatly protects you from cold.
 W - the +2 cloak of the Fifty Nights (worn) {Will+ Dex+5}
   (You took it off a draconian monk on level 3 of the Realm of Zot)

   Dex:       It affects your dexterity (+5).
   Will:      It increases your willpower.
 Z - +11 gold dragon scales (worn)
Jewellery
 c - the ring "Rufo" {Fly MP+9}
   (You took it off a fire giant on level 5 of the Vaults)

   [ring of flight]

   MP:        It affects your magic capacity (+9).
   Fly:       It grants you flight.
 k - the ring of Lennowu {rPois rC++ Str-4}
   (You took it off a deep elf sorcerer on level 3 of the Elven Halls)

   [ring of poison resistance]

   Str:       It affects your strength (-4).
   rC:        It greatly protects you from cold.
   rPois:     It protects you from poison.
 A - a ring of resist corrosion
 B - a ring of positive energy
 D - the ring "Leal" (right claw) {Contam rPois rC+ MP+9 Str+5}
   (You found it in a Gauntlet)

   [ring of protection from cold]

   Str:       It affects your strength (+5).
   rC:        It protects you from cold.
   rPois:     It protects you from poison.
   MP:        It affects your magic capacity (+9).
   Contam:    It causes magical contamination when unequipped.
 L - the amulet "Angoloz" {Spirit Str+3 Dex+2}
   (You found it on level 3 of the Elven Halls)

   [amulet of guardian spirit]

   It causes incoming damage to be divided between your reserves of health and
   magic.
   Str:       It affects your strength (+3).
   Dex:       It affects your dexterity (+2).
 M - the ring of Zoet {+Blink rPois Str+3 Dex+6 Stlth-}
   (You took it off a minotaur in a Gauntlet)

   [ring of dexterity]

   Str:       It affects your strength (+3).
   Dex:       It affects your dexterity (+6).
   rPois:     It protects you from poison.
   +Blink:    It lets you blink.
   Stlth:     It makes you less stealthy.
 O - an amulet of regeneration (around neck)
 Q - a ring of willpower
 S - the ring of Woxuituo {rF+ Str+3 Dex+4}
   (You found it on level 5 of the Pits of Slime)

   [ring of protection from fire]

   Str:       It affects your strength (+3).
   Dex:       It affects your dexterity (+4).
   rF:        It protects you from fire.
 U - a ring of willpower (left claw)
 V - a ring of protection from fire
Wands
 f - a wand of digging (21)
 r - a wand of paralysis (17)
 x - a wand of quicksilver (78)
 N - a wand of iceblast (79)
 X - a wand of mindburst (84)
Scrolls
 b - 11 scrolls of fog
 q - 2 scrolls of magic mapping
 t - 28 scrolls of teleportation
 y - 6 scrolls of blinking
 P - 6 scrolls of fear
 T - 4 scrolls of silence
Potions
 e - 6 potions of haste
 j - 14 potions of attraction
 m - 13 potions of brilliance
 n - 24 potions of curing
 p - 9 potions of mutation
 s - 3 potions of invisibility
 u - 8 potions of resistance
 C - 9 potions of flight
 E - 9 potions of cancellation
 F - 5 potions of heal wounds
 G - 9 potions of magic
 I - 5 potions of ambrosia
 Y - 11 potions of might
Miscellaneous
 d - a condenser vane
 h - a phial of floods
 v - a lightning rod (4/4)


   Skills:
 - Level 21.2 Fighting
 + Level 17.6 Throwing
 - Level 11.4 Armour
 - Level 11.9 Dodging
 - Level 4.5 Stealth
 - Level 10.6 Shields
 - Level 25.0 Unarmed Combat
 - Level 19.9 Invocations
 - Level 4.2 Evocations


You had 20 spell levels left.
You knew the following spells:

 Your Spells              Type           Power      Damage    Failure   Level
a - Statue Form           Tmut/Erth      0%         N/A       100%        6

Your spell library contained the following spells:

 Spells                   Type           Power      Damage    Failure   Level
 Apportation              Tloc           0%         N/A       100%        1
 Beastly Appendage        Tmut           0%         N/A       100%        1
 Foxfire                  Conj/Fire      0%         2x1d2     100%        1
 Kiss of Death            Conj/Necr      0%         2d5       100%        1
 Magic Dart               Conj           0%         1d3       100%        1
 Necrotise                Necr           0%         1d4       100%        1
 Sandblast                Erth           0%         2d4       100%        1
 Slow                     Hex            0%         N/A       100%        1
 Sting                    Tmut/Pois      0%         1d3       100%        1
 Summon Small Mammal      Summ           0%         N/A       100%        1
 Blink                    Tloc           0%         N/A       100%        2
 Cigotuvi's Dreadful Rot  Necr/Pois/Air  0%         N/A       100%        2
 Ensorcelled Hibernation  Hex/Ice        0%         N/A       100%        2
 Lesser Beckoning         Tloc           0%         N/A       100%        2
 Momentum Strike          Conj/Tloc      0%         3d8       100%        2
 Passwall                 Tmut/Erth      0%         N/A       100%        2
 Poisonous Vapours        Pois/Air       0%         N/A       100%        2
 Searing Ray              Conj           0%         2d4       100%        2
 Static Discharge         Conj/Air       0%         2-2/arc   100%        2
 Wereblood                Tmut           0%         N/A       100%        2
 Call Canine Familiar     Summ           0%         N/A       100%        3
 Confusing Touch          Hex            0%         N/A       100%        3
 Gell's Gravitas          Tloc           0%         N/A       100%        3
 Ignite Poison            Fire/Tmut/Pois 0%         N/A       100%        3
 Inner Flame              Hex/Fire       0%         N/A       100%        3
 Kindle Blastsparks       Fire/Tloc/Air  0%         2d10      100%        3
 Mephitic Cloud           Conj/Pois/Air  0%         N/A       100%        3
 Spider Form              Tmut/Pois      0%         N/A       100%        3
 Stone Arrow              Conj/Erth      0%         3d7       100%        3
 Summon Guardian Golem    Hex/Summ       0%         N/A       100%        3
 Swiftness                Air            0%         N/A       100%        3
 Teleport Other           Tloc           0%         N/A       100%        3
 Tukima's Dance           Hex            0%         N/A       100%        3
 Vampiric Draining        Necr           0%         2d6       100%        3
 Vhi's Electric Charge    Tloc/Air       0%         N/A       100%        3
 Anguish                  Hex/Necr       0%         N/A       100%        4
 Dispel Undead            Necr           0%         3d6       100%        4
 Flame Wave               Conj/Fire      0%         2d4       100%        4
 Fulminant Prism          Conj/Hex       0%         3d5       100%        4
 Ice Form                 Ice/Tmut       0%         N/A       100%        4
 Iskenderun's Mystic Bla  Conj/Tloc      0%         2d3       100%        4
 Manifold Assault         Tloc           0%         N/A       100%        4
 Olgreb's Toxic Radiance  Pois           0%         N/A       100%        4
 Passage of Golubria      Tloc           0%         N/A       100%        4
 Petrify                  Tmut/Erth      0%         N/A       100%        4
 Sticky Flame             Conj/Fire      0%         2d3       100%        4
 Agony                    Necr           0%         N/A       100%        5
 Alistair's Intoxication  Tmut/Pois      0%         N/A       100%        5
 Arcjolt                  Conj/Air       0%         1d10      100%        5
 Fireball                 Conj/Fire      0%         3d3       100%        5
 Freezing Cloud           Conj/Ice/Air   0%         6-21      100%        5
 Iskenderun's Battlesphe  Conj           0%         2d6       100%        5
 Lee's Rapid Deconstruct  Erth           0%         3d4*      100%        5
 Lightning Bolt           Conj/Air       0%         1d11      100%        5
 Metabolic Englaciation   Hex/Ice        0%         N/A       100%        5
 Silence                  Hex/Air        0%         N/A       100%        5
 Summon Forest            Summ/Tloc      0%         N/A       100%        5
 Yara's Violent Unravell  Hex/Tmut       0%         3d3       100%        5
 Conjure Ball Lightning   Conj/Air       0%         3x3d6     100%        6
 Death Channel            Necr           0%         N/A       100%        6
 Dispersal                Tloc           0%         N/A       100%        6
 Eringya's Noxious Bog    Tmut/Pois      0%         N/A       100%        6
 Starburst                Conj/Fire      0%         6d3       100%        6
 Orb of Destruction       Conj           0%         9d5       100%        7
 Storm Form               Tmut/Air       0%         N/A       100%        7
 Summon Hydra             Summ           0%         N/A       100%        7
 Lehudib's Crystal Spear  Conj/Erth      0%         10d2      100%        8
 Chain Lightning          Conj/Air       0%         N/A       100%        9
 Fire Storm               Conj/Fire      0%         5d1       100%        9
 Shatter                  Erth           0%         3d5*      100%        9


Dungeon Overview and Level Annotations

Branches:
Dungeon (15/15)            Temple (1/1) D:4            Lair (5/5) D:11
  Swamp (4/4) Lair:3       Spider (4/4) Lair:2        Slime (5/5) Lair:5
    Orc (2/2) D:9             Elf (3/3) Orc:2        Vaults (5/5) D:13
  Crypt (3/3) Vaults:2       Tomb (0/3) Crypt:3      Depths (4/4) D:15
    Zot (5/5) Depths:4    Ossuary (visited)          Bailey (visited)
Volcano (visited)         Gauntlet (visited)

Altars:
Cheibriados
Dithmenos
Gozag
Kikubaaqudgha
Makhleb
Nemelex Xobeh
Okawaru
Qazlal
Ru
Trog
Uskayaw
Vehumet
Wu Jian
Xom
Yredelemnul
Zin
The Shining One
Jiyva

Shops:
D:11 (   Orc:2 [*(=   Elf:1 :   Elf:3 *   Vaults:2 =   Depths:2 =   Depths:3 [=

Portals:
Hell: Depths:1 Depths:2 Depths:3 Depths:4
Abyss: Depths:3
Pandemonium: Depths:2 Depths:3 Depths:4
Trove: Vaults:1 (give 12 potions of heal wounds)

Annotations:
D:1 need fl
Depths:4 4 runed translucent doors
Zot:5 2 transporters


Innate Abilities, Weirdness & Mutations

You are too large for most types of armour.
You have claws for hands.
Your natural rate of healing is unusually fast.
You are covered in fur. (AC +1)
You have tough skin. (AC +1)
You possess an exceptional clarity of mind.
Your flesh is very cold resistant. (rC++)
Your flesh is heat resistant. (rF+)


Message History

You climb upwards.
There is a stone staircase leading down, spattered with blood here.
A cacodemon and 3 orange demons come into view.
The orange demon screeches! x2
You see here a +0 flail.
The cacodemon gestures next to the orange demon.
You hear a grinding noise.
Some rock shatters into small pieces.
There is a stone staircase leading up here.
You climb upwards.
There is a stone staircase leading down here.
(D) Dungeon (T) Temple (L) Lair (S) Swamp (N) Spider Nest (M) Slime Pits (O) Orcish Mines (E) Elven Halls (V) Vaults (C) Crypt (W) Tomb (U) Depths (H) Hell (Z) Zot
Where to? (Enter - D:1, ? - help)
You see here 3 stones.
You see here a +0 short sword.
There is a stone staircase leading up here.
You climb upwards.
There is a stone staircase leading down here.
There is a stone staircase leading up here.
You climb upwards.
Level annotation: need fl
There is a stone staircase leading down here.
You see here a +0 quarterstaff.
There is a staircase leading out of the dungeon here.
What are your orders? t - Shout!
Orders for allies: a - Attack new target. r - Retreat! s - Stop attacking. g - Guard the area. f - Follow me.
Anything else - Cancel.
You shout for attention!
You feel very buoyant.
You fly up into the air.
n - 24 potions of curing (gained 1)
There is an escape hatch in the floor here.
There is a staircase leading out of the dungeon here.
You have escaped!

P...#P# #.......###### P###.##
###..############### P...PP♣
###.....###..........# .....#♣
#...#.#.##...........# ......#
#.##.......#####.....#
.§§...♣##.#......8.#####.....#
.†§...P#..........§≈§§###.#######
.....P♣#.#........≈≈≈≈# #.##..)..
P)))PP♣#....8..8@.§§≈>###....####
PP.PP♣♣#..........≈§≈≈##..####
##.### ###.........§§§##..# ##.#
#..#....8.#####..# ...#
#.........# ###..####### ####
#.##.#.##.###.....^....# ###
###.##...................#
..######...........###...........
...............##### #.........#.


There were no monsters in sight!

Vanquished Creatures
  2 pandemonium lords
  the Royal Jelly (Slime:5)
  8 dread liches
  Mennas (Depths:4)
  5 ancient liches
  3 orbs of fire (Zot:5)
  Mara (Vaults:4)
  A juggernaut (Depths:2)
  The ghost of Joggorr the Slayer, a veteran OgBe of Trog (Zot:3)
  3 Killer Klowns (Zot:5)
  Bai Suzhen (Vaults:5)
  7 golden dragons
  Nikola (Swamp:2)
  A profane servitor (Crypt:3)
  2 bone dragons
  2 Tzitzimimeh
  2 electric golems
  2 Brimstone Fiends
  An iron giant (shapeshifter) (Vaults:5)
  13 tentacled monstrosities
  Jorgrun (D:12)
  19 Orb Guardians
  An Ice Fiend (D:8)
  A Hell Sentinel (Zig:5)
  2 liches
  2 walking earthen tomes
  Mlioglotl (Swamp:2)
  17 titans
  15 acid blobs
  7 deep elf blademasters
  7 deep elf master archers
  5 quicksilver dragons
  10 death cobs
  A tentacled starspawn (Abyss:3)
  6 sphinxes
  Frances (D:14)
  10 ancient champions
  18 storm dragons
  10 tengu reavers
  5 shadow dragons
  5 revenants
  A thorn hunter (Swamp:3)
  8 draconian monks
  2 fenstrider witches (Depths:3)
  3 rockslimes (Slime:5)
  3 draconian knights
  6 azure jellies
  18 frost giants
  13 vault wardens
  8 emperor scorpions
  An iron dragon (Vaults:5)
  25 fire giants
  A balrug (Depths:4)
  3 draconian scorchers
  4 ghost moths
  An angel (Depths:4)
  An orc warlord (Orc:2)
  9 deep elf sorcerers
  3 draconian annihilators
  A caustic shrike skeleton (Crypt:3)
  15 ironbound preservers
  4 deep elf elementalists (Elf:3)
  A reaper (Crypt:3)
  2 draconian stormcallers (Zot:4)
  2 curse skulls (Crypt:3)
  28 very ugly things
  12 war gargoyles
  3 draconian shifters
  10 ironbound thunderhulks
  2 broodmothers
  8 quicksilver oozes
  7 ghouls
  9 green draconians
  5 eleionomae
  24 stone giants
  7 vampire knights
  Nessos (Orc:2)
  13 white draconians
  8 deep elf annihilators
  13 black draconians
  A minotaur (Gauntlet)
  4 red draconians
  7 yellow draconians
  8 dire elephants
  7 deep elf demonologists
  6 bunyips
  8 spark wasps
  17 purple draconians
  3 eidola
  13 ettins
  2 green deaths
  4 blizzard demons
  6 deep elf death magi
  A merfolk javelineer (Depths:4)
  Snorg (Orc:2)
  A crystal guardian (Vaults:3)
  11 yaktaur captains
  9 jiangshi
  8 deep elf high priests
  6 great orbs of eyes
  8 fire dragons
  4 entropy weavers
  An entropy weaver (shapeshifter) (Depths:2)
  27 vault guards
  23 hydras
  A salamander tyrant (Depths:3)
  9 ice dragons
  A rakshasa (Depths:1)
  A spriggan air mage (Depths:4)
  5 peacekeepers
  2 hell beasts
  A jorogumo (Spider:2)
  Fannar (Lair:1)
  15 centaur warriors
  A ghost crab (Zig:6)
  2 spriggan skeletons (Crypt:2)
  Erica (Lair:1)
  7 boulder beetles
  9 ironbound frosthearts
  4 ogre magi
  2 catoblepae
  3 death yaks (Lair:2)
  8 alligators
  2 merfolk avatars
  3 death knights
  2 satyrs (shapeshifter)
  4 merfolk aquamancers
  3 tengu warriors
  14 two-headed ogres
  8 vampire magi
  5 deep troll shamans
  A titan zombie (Crypt:2)
  A thrashing horror (Abyss:3)
  27 dancing weapons
  6 deep troll earth magi
  3 orc high priests
  27 deep elf knights
  8 spriggan berserkers
  13 hell knights
  A sun demon (Depths:4)
  A fire crab (Swamp:4)
  4 salamander mystics
  5 iron trolls
  5 soul eaters
  2 skysharks
  A titan skeleton (Crypt:3)
  2 shadow wraiths
  12 spriggans
  A pharaoh ant (Spider:4)
  8 flayed ghosts
  3 sea snakes (Lair:5)
  A sea snake (shapeshifter) (Vaults:3)
  39 deep trolls
  Lodul (D:14)
  26 skeletal warriors
  A glowing orange brain (shapeshifter) (Vaults:2)
  A skyshark (shapeshifter) (Depths:2)
  A storm dragon skeleton (Crypt:1)
  8 bog bodies
  6 goliath frogs
  6 wizards
  2 spriggan druids
  A glowing orange brain (Abyss:3)
  2 bunyip skeletons
  A spriggan rider (Depths:1)
  26 deep elf archers
  2 shadow demons
  A deep troll (shapeshifter) (Vaults:2)
  An obsidian statue (Gauntlet)
  6 swamp dragons
  7 orb spiders
  An anaconda skeleton (Crypt:2)
  16 ironbound convokers
  11 lindwurms
  4 steelbarb worms
  A lindwurm (shapeshifter) (Vaults:5)
  5 orc knights
  Pikel (D:8)
  41 deep elf zephyrmancers
  A shadow dragon zombie (Depths:3)
  28 ugly things
  10 phantasmal warriors
  2 cyclopes
  8 necromancers
  A golden dragon skeleton (Depths:3)
  18 harpies
  2 starcursed masses (Abyss:3)
  5 manticores
  A wolf spider (shapeshifter) (Depths:2)
  36 deep elf pyromancers
  21 wolf spiders
  A glowing shapeshifter (Vaults:5)
  3 shining eyes
  An oklob plant (Gauntlet)
  3 will-o-the-wisps
  A shining eye (shapeshifter) (Elf:3)
  16 salamanders
  2 large abominations (Abyss:3)
  5 orc sorcerers
  17 moths of wrath
  12 elephants
  A frost giant skeleton (Depths:3)
  20 vault sentinels
  2 orange demons
  2 water nymphs (Depths:3)
  2 dire elephant zombies
  A black mamba (shapeshifter) (Elf:1)
  A centaur skeleton (Crypt:1)
  A rust devil (Depths:3)
  A spriggan zombie (D:15)
  A naga skeleton (Crypt:3)
  5 torpor snails
  2 gargoyles
  4 black mambas
  11 cane toads
  A grey draconian zombie (Crypt:3)
  4 demonic crawlers
  Maggie (D:10)
  4 smoke demons
  A death yak zombie (Crypt:3)
  A red draconian zombie (Crypt:2)
  6 rime drakes
  13 komodo dragons
  A kobold demonologist (D:14)
  An ice devil (Depths:3)
  2 tengu conjurers (Depths:1)
  6 freezing wraiths
  2 green draconian skeletons
  19 yaktaurs
  An iron troll zombie (Crypt:2)
  6 trolls
  A guardian mummy (Crypt:3)
  A harpy zombie (Crypt:3)
  6 merfolk
  An ancient zyme (Abyss:3)
  2 tormentors
  A troll (shapeshifter) (Vaults:5)
  A pale draconian skeleton (Crypt:2)
  A mana viper zombie (Crypt:1)
  2 polar bears (Lair:5)
  2 red devils
  A bloated husk (Swamp:2)
  A queen bee (shapeshifter) (D:13)
  9 hornets
  6 dream sheep
  7 tyrant leeches
  16 tarantellas
  A sphinx simulacrum (Depths:3)
  A tarantella zombie (Crypt:2)
  5 blink frogs
  A draconian simulacrum (Crypt:1)
  7 raiju (Abyss:3)
  24 jumping spiders
  51 slime creatures
  An alligator zombie (Crypt:1)
  A flying skull (Vaults:2)
  7 wraiths
  6 wyverns
  3 centaur simulacra (Gauntlet)
  43 yaks
  26 culicivoras
  Sigmund (D:6)
  A black mamba zombie (Crypt:1)
  A ynoxinul (Depths:3)
  A shadow (D:12)
  4 air elementals
  14 water elementals
  Grum (D:11)
  A basilisk (shapeshifter) (Elf:1)
  A black mamba skeleton (Crypt:1)
  7 vampires
  A golden eye (Slime:5)
  2 ettin skeletons
  A hog (shapeshifter) (D:15)
  3 neqoxecs
  3 fire elementals
  3 basilisks
  3 steam dragons (Swamp:4)
  19 vampire mosquitoes
  77 redbacks
  A harpy simulacrum (Crypt:1)
  8 acid dragons
  16 swamp worms
  14 water moccasins
  2 human skeletons
  3 hell hounds (Volcano)
  Duvessa (D:6)
  A floating eye (Depths:4)
  A demonspawn skeleton (Crypt:3)
  6 swamp drakes (Swamp:4)
  34 orc warriors
  A glowing shapeshifter skeleton (D:15)
  A meliai simulacrum (Gauntlet)
  A sky beast (D:7)
  2 black bears
  17 ogres
  A lindwurm zombie (Crypt:2)
  42 wolves
  A snapping turtle skeleton (Crypt:2)
  3 small abominations (Abyss:3)
  9 boggarts
  A lemure (D:8)
  18 centaurs
  Blork the orc (Orc:2)
  8 kobold brigands
  10 bullfrogs
  4 necrophages (Crypt:3)
  2 elf skeletons (Crypt:1)
  4 gnoll sergeants
  3 scorpions
  5 earth elementals
  10 wights (D:8)
  3 water moccasin zombies (Ossuary)
  Dowan (D:6)
  2 troll zombies (Swamp:1)
  A polar bear skeleton (Crypt:1)
  2 troll skeletons (Swamp:1)
  5 howler monkeys
  4 electric eels
  A lava snake (Swamp:4)
  A bullfrog zombie (Crypt:3)
  A wyvern simulacrum (Gauntlet)
  A bullfrog skeleton (Crypt:3)
  A hound (D:5)
  3 jellies
  3 gnoll boudas
  16 orc priests
  3 iguanas
  A scorpion zombie (Crypt:3)
  A sleepcap (D:7)
  28 orc wizards
  A naga zombie (Crypt:2)
  14 mummies
  9 adders
  21 gnolls
  5 white imps
  An ufetubus (Abyss:3)
  A lava snake zombie (Crypt:2)
  4 adder zombies
  2 worms
  6 dart slugs
  74 orcs
  6 bats
  6 endoplasms
  5 giant cockroaches
  6 goblins
  8 hobgoblins
  6 jackals
  2 quokkas
  5 ball pythons
  A ball python skeleton (Crypt:3)
  6 frilled lizards
  A gnoll skeleton (Crypt:2)
  2 gnoll zombies (Ossuary)
  A hobgoblin zombie (Ossuary)
  43 kobolds
  4 kobold zombies (Ossuary)
  7 orc zombies (Ossuary)
  A quokka skeleton (Crypt:1)
  10 rats
  A briar patch (Swamp:3)
  2 fire vortices (Swamp:4)
  2 starspawn tentacles (Abyss:3)
2405 creatures vanquished.

Vanquished Creatures (collateral kills)
  A moth of wrath (Zot:3)
1 creature vanquished.

Vanquished Creatures (others)
  Kirke (Swamp:2)
  A merfolk impaler (Abyss:3)
  A hydra (Swamp:4)
  2 alligators
  A deep elf knight (Elf:1)
  A goliath frog (Swamp:2)
  A lindwurm (Swamp:4)
  A wizard (Depths:2)
  A deep elf pyromancer (Vaults:1)
  A yaktaur (Vaults:3)
  4 bloated husks
  A raiju (Abyss:3)
  2 steam dragons (Swamp:4)
  7 hogs (Swamp:2)
  2 swamp drakes (Swamp:4)
  2 orc wizards
  An orc (D:8)
  4 briar patches (Swamp:3)
  12 foxfires
  34 fungi
  40 plants
  4 starspawn tentacles (Abyss:3)
  2 withered plants (D:15)
126 creatures vanquished.

Grand Total: 2532 creatures vanquished

Notes
Turn   | Place    | Note
-------+----------+-------------------------------------------
     0 | D:5      | hellse the Troll Delver began the quest for the Orb.
     0 | D:5      | Reached XP level 1. HP: 22/22 MP: 0/0
    25 | D:5      | Noticed a hound
    36 | D:5      | Killed a hound
    37 | D:5      | Reached skill level 3 in Unarmed Combat
    37 | D:5      | Reached XP level 2. HP: 26/29 MP: 1/1
    37 | D:5      | Reached XP level 3. HP: 32/36 MP: 2/2
    92 | D:4      | Reached skill level 4 in Unarmed Combat
   143 | D:4      | Reached XP level 4. HP: 44/44 MP: 3/3
   206 | D:4      | Found a staircase to the Ecumenical Temple.
   218 | Temple   | Entered the Ecumenical Temple
   338 | Temple   | Became a worshipper of Warmaster Okawaru
   571 | D:3      | Reached skill level 5 in Unarmed Combat
   668 | D:2      | Reached XP level 5. HP: 48/50 MP: 4/4
  1808 | D:2      | Found a glowing golden altar of the Shining One.
  1950 | D:2      | Reached skill level 6 in Unarmed Combat
  2169 | D:3      | Reached XP level 6. HP: 54/59 MP: 5/5
  2678 | D:4      | Found a shadowy altar of Dithmenos.
  2689 | D:4      | Found an ancient bone altar of Kikubaaqudgha.
  2779 | D:4      | Reached * piety under Okawaru
  2989 | D:5      | Reached skill level 1 in Throwing
  3013 | D:5      | Reached XP level 7. HP: 68/68 MP: 6/6
  3447 | D:5      | Reached ** piety under Okawaru
  3458 | D:5      | Found a shimmering altar of Xom.
  3585 | D:6      | Found a sand-covered staircase.
  3590 | Ossuary  | Entered an ossuary
  3710 | Ossuary  | Reached skill level 7 in Unarmed Combat
  3710 | Ossuary  | Reached XP level 8. HP: 76/78 MP: 7/7
  3931 | D:6      | Noticed Sigmund
  3937 | D:6      | Killed Sigmund
  3938 | D:6      | Reached skill level 8 in Unarmed Combat
  3953 | D:6      | Found the amulet of Elemental Vulnerability {rPois rF--
                  | rC-- AC+8}
  4309 | D:6      | Noticed Duvessa
  4309 | D:6      | Noticed Dowan
  4313 | D:6      | Killed Dowan
  4314 | D:6      | Reached skill level 9 in Unarmed Combat
  4318 | D:6      | Killed Duvessa
  4318 | D:6      | Reached *** piety under Okawaru
  4547 | D:7      | Noticed a hornet
  4552 | D:7      | Killed a hornet
  4553 | D:7      | Reached skill level 10 in Unarmed Combat
  4557 | D:7      | Reached XP level 9. HP: 84/84 MP: 8/8
  4576 | D:7      | Found a sacrificial altar of Ru.
  4754 | D:7      | Found a bloodstained altar of Trog.
  4770 | D:7      | Found a flagged portal.
  4787 | Bailey   | Entered a bailey
  4794 | Bailey   | Noticed an orc knight
  4879 | Bailey   | Reached skill level 5 in Fighting
  4938 | Bailey   | Killed an orc knight
  4938 | Bailey   | Reached **** piety under Okawaru
  4961 | Bailey   | Identified the +0 robe of Maiggomu {rElec Will+ Stlth+}
  4967 | Bailey   | Noticed an orc knight
  4986 | Bailey   | Reached skill level 1 in Invocations
  4995 | Bailey   | Killed an orc knight
  4995 | Bailey   | Received a gift from Okawaru
  5828 | D:8      | Reached XP level 10. HP: 100/100 MP: 12/12
  5834 | D:8      | Reached skill level 1 in Armour
  6027 | D:8      | Noticed Pikel
  6042 | D:8      | Killed Pikel
  6101 | D:8      | Reached ***** piety under Okawaru
  6447 | D:8      | Found a burning altar of Makhleb.
  6447 | D:8      | Noticed a blizzard demon
  6450 | D:8      | Noticed a smoke demon
  6450 | D:8      | Noticed an orange demon
  6588 | D:9      | Noticed a two-headed ogre
  6785 | D:9      | Killed a two-headed ogre
  7024 | D:9      | Reached XP level 11. HP: 108/113 MP: 13/13
  7086 | D:9      | Received a gift from Okawaru
  7387 | D:9      | Found a staircase to the Orcish Mines.
  7436 | D:10     | Entered Level 10 of the Dungeon
  7518 | D:10     | Noticed a centaur warrior
  7521 | D:10     | Received a gift from Okawaru
  7533 | D:10     | Killed a centaur warrior
  7632 | D:10     | Noticed Maggie
  7665 | D:10     | Killed Maggie
  7860 | D:10     | Reached skill level 5 in Shields
  7903 | D:10     | Reached ****** piety under Okawaru
  8287 | D:10     | Received a gift from Okawaru
  8342 | D:11     | Received a gift from Okawaru
  8412 | D:11     | Noticed Grum
  8497 | D:11     | Killed Grum
  8578 | D:11     | Found a staircase to the Lair.
  8602 | D:11     | Reached skill level 5 in Throwing
  8699 | D:11     | Noticed a centaur warrior
  8712 | D:11     | Killed a centaur warrior
  8713 | D:11     | Reached XP level 12. HP: 99/122 MP: 14/14
  8741 | D:11     | Noticed a boulder beetle
  8789 | D:11     | Killed a boulder beetle
  8845 | D:11     | Found Mucrucin's Weapon Shoppe.
  9092 | Lair:1   | Entered Level 1 of the Lair of Beasts
  9174 | Lair:1   | Found a gate leading to a gauntlet.
  9227 | Gauntlet | Entered a Gauntlet
  9227 | Gauntlet | Found a transporter.
  9227 | Gauntlet | Found a runed translucent door.
  9228 | Gauntlet | Found a runed translucent door.
  9232 | Gauntlet | Found a transporter.
  9234 | Gauntlet | Found a transporter.
  9245 | Gauntlet | Found a transporter.
  9248 | Gauntlet | Found a transporter.
  9262 | Gauntlet | Found a transporter.
  9277 | Gauntlet | Found a transporter.
  9290 | Gauntlet | Found a transporter.
  9302 | Gauntlet | Found a transporter.
  9307 | Gauntlet | Found a transporter.
  9307 | Gauntlet | Found a transporter.
  9331 | Gauntlet | Found a transporter.
  9331 | Gauntlet | Found a transporter.
  9392 | Gauntlet | Found a transporter.
  9784 | Gauntlet | Identified the ring "Leal" {Contam rPois rC+ MP+9 Str+5}
  9793 | Gauntlet | Identified the +7 morningstar of Summer {freeze, rC+ rN+
                  | Int+3 Dex-2}
  9847 | Gauntlet | Identified the +5 shortbow of Dawn {freeze, rPois rCorr
                  | Dex+2}
  9847 | Gauntlet | Identified the +9 ice dragon scales of Qazlal, Keeping {rF-
                  | rC++ Slay+3}
  9847 | Gauntlet | Identified the ring of Zoet {+Blink rPois Str+3 Dex+6
                  | Stlth-}
  9847 | Gauntlet | Noticed a minotaur
  9862 | Gauntlet | Killed a minotaur
  9893 | Gauntlet | Identified the +1 kite shield of Demonic Beauty {Str+5
                  | SInv}
 10138 | Lair:1   | Noticed Erica
 10141 | Lair:1   | Identified the +1 robe of Greed {+Inv Fly Dex-3} (Okawaru
                  | gifted it to you on level 1 of the Lair of Beasts)
 10141 | Lair:1   | Received a gift from Okawaru
 10153 | Lair:1   | Killed Erica
 10487 | Lair:1   | Noticed Fannar
 10500 | Lair:1   | Killed Fannar
 10501 | Lair:1   | Reached skill level 11 in Unarmed Combat
 10942 | Lair:2   | Noticed a death yak
 10944 | Lair:2   | Noticed a death yak
 10945 | Lair:2   | Noticed a death yak
 10972 | Lair:2   | Killed a death yak
 10976 | Lair:2   | Killed a death yak
 10983 | Lair:2   | Killed a death yak
 10984 | Lair:2   | Reached skill level 10 in Fighting
 11018 | Lair:2   | Found a dark tunnel.
 11111 | Volcano  | Entered a volcano
 11140 | Volcano  | Reached XP level 13. HP: 48/133 MP: 15/15
 11229 | Volcano  | Reached skill level 12 in Unarmed Combat
 11790 | Lair:2   | Found a hole to the Spider Nest.
 12376 | Lair:3   | Reached skill level 13 in Unarmed Combat
 12587 | Lair:3   | Received a gift from Okawaru
 12729 | Lair:3   | Received a gift from Okawaru
 12826 | Lair:3   | Found a staircase to the Swamp.
 12831 | Lair:3   | Identified the +0 acid dragon scales of the Tired
                  | Nightingales {rF+ rCorr} (Okawaru gifted it to you on level
                  | 3 of the Lair of Beasts)
 12831 | Lair:3   | Received a gift from Okawaru
 12834 | Lair:3   | Reached skill level 14 in Unarmed Combat
 13248 | Lair:4   | Upgraded the game from 0.30-a0-862-g1aabd4f9c5 to
                  | 0.30-a0-870-gc5d4c5acee
 13523 | Lair:4   | Reached XP level 14. HP: 126/146 MP: 16/16
 13662 | Lair:4   | Reached skill level 15 in Unarmed Combat
 13684 | Lair:4   | Identified the +2 robe "Jissaim" {rF+}
 14275 | Lair:5   | Entered Level 5 of the Lair of Beasts
 14277 | Lair:5   | Found a staircase to the Slime Pits.
 14414 | Lair:5   | Received a gift from Okawaru
 14539 | Lair:5   | Received a gift from Okawaru
 14789 | Lair:5   | Reached skill level 5 in Armour
 15078 | Lair:5   | Identified the +7 trident "Ibyps" {heavy, rF+ Will+ Dex+2}
 15766 | D:12     | Noticed Jorgrun
 15776 | D:12     | Killed Jorgrun
 16010 | D:12     | Reached XP level 15. HP: 153/154 MP: 17/17
 16011 | D:12     | Reached XP level 16. HP: 165/165 MP: 18/18
 16108 | D:12     | Received a gift from Okawaru
 16449 | D:13     | Reached skill level 1 in Evocations
 16450 | D:13     | Identified the +5 hat "Faschaer" {Str+4} (Okawaru gifted it
                  | to you on level 13 of the Dungeon)
 16450 | D:13     | Received a gift from Okawaru
 16475 | D:13     | Found a gate to the Vaults.
 16515 | D:13     | Found a flickering gateway to a bazaar.
 16521 | Bazaar   | Entered a bazaar
 16522 | Bazaar   | Found Gafuen's Assorted Antiques.
 16530 | Bazaar   | Bought a glowing inky potion for 21 gold pieces
 16530 | Bazaar   | Bought a green potion for 21 gold pieces
 16534 | Bazaar   | Found Saykhiuc's Antique Weapon Emporium.
 16538 | Bazaar   | Found Pudewaff's General Store.
 16544 | Bazaar   | Found Doce's Book Boutique.
 16547 | Bazaar   | Bought 2 potions of might for 96 gold pieces
 16552 | Bazaar   | Found Syfurop's Armour Boutique.
 16572 | Bazaar   | Bought 2 potions of resistance for 240 gold pieces
 16572 | Bazaar   | Bought a scroll of teleportation for 36 gold pieces
 16590 | Bazaar   | Bought a potion of curing for 72 gold pieces
 16590 | Bazaar   | Bought a scroll of teleportation for 72 gold pieces
 16988 | D:13     | Reached XP level 17. HP: 161/172 MP: 19/19
 17411 | Orc:1    | Entered Level 1 of the Orcish Mines
 17740 | Orc:2    | Entered Level 2 of the Orcish Mines
 17889 | Orc:2    | Reached skill level 10 in Throwing
 17915 | Orc:2    | Noticed Blork the orc
 17932 | Orc:2    | Killed Blork the orc
 18214 | Orc:2    | Found a staircase to the Elven Halls.
 18246 | Orc:2    | Noticed Nessos
 18256 | Orc:2    | Killed Nessos
 18257 | Orc:2    | Reached skill level 16 in Unarmed Combat
 18399 | Orc:2    | Found Luphef's General Store.
 18410 | Orc:2    | Bought a scroll of identify for 34 gold pieces
 18713 | Orc:2    | Noticed Snorg
 18720 | Orc:2    | Killed Snorg
 18755 | Orc:2    | Found Caekhaom's Antique Armour Emporium.
 18770 | Orc:2    | Found Xeimm's Antique Weapon Emporium.
 18786 | Orc:2    | Found Xeggel's Jewellery Emporium.
 18793 | Orc:2    | Bought an amulet of regeneration for 390 gold pieces
 19398 | D:14     | Noticed Lodul
 19408 | D:14     | Killed Lodul
 19635 | D:14     | Noticed Frances
 19646 | D:14     | Killed Frances
 19647 | D:14     | Reached skill level 17 in Unarmed Combat
 19732 | D:14     | Found a sparkling altar of Nemelex Xobeh.
 19961 | D:15     | Entered Level 15 of the Dungeon
 20053 | D:15     | Received a gift from Okawaru
 20072 | D:15     | Found a staircase to the Depths.
 20290 | D:15     | Received a gift from Okawaru
 20381 | D:15     | Reached skill level 18 in Unarmed Combat
 20586 | D:15     | Reached skill level 5 in Dodging
 21171 | Swamp:1  | Entered Level 1 of the Swamp
 21871 | Swamp:2  | Identified the +2 hat "Wuefijew" {Harm *Slow rElec Int-2}
                  | (Okawaru gifted it to you on level 2 of the Swamp)
 21871 | Swamp:2  | Received a gift from Okawaru
 22115 | Swamp:2  | Noticed Mlioglotl
 22121 | Swamp:2  | Killed Mlioglotl
 22252 | Swamp:2  | Noticed Kirke
 22255 | Swamp:2  | Noticed Nikola
 22266 | Swamp:2  | Killed Kirke
 22270 | Swamp:2  | Killed Nikola
 22348 | Swamp:2  | Identified the +2 robe of the Game Afoot {rC+ Dex+2 Slay-4}
 22763 | Swamp:3  | Reached XP level 18. HP: 152/187 MP: 20/20
 23057 | Swamp:4  | Entered Level 4 of the Swamp
 23677 | Swamp:4  | Received a gift from Okawaru
 23709 | Swamp:4  | Got a decaying rune of Zot
 24456 | Elf:1    | Entered Level 1 of the Elven Halls
 24637 | Elf:1    | Found Irias's Book Shop.
 24732 | Elf:1    | Received a gift from Okawaru
 25010 | Elf:1    | Paralysed by an air elemental for 1 turns
 25180 | Elf:1    | Paralysed by an air elemental for 1 turns
 25184 | Elf:1    | Paralysed by an air elemental for 1 turns
 25910 | Elf:2    | Reached skill level 19 in Unarmed Combat
 26264 | Elf:2    | Found a runed translucent gate.
 26265 | Elf:2    | Found a runed translucent gate.
 26265 | Elf:2    | Found a runed translucent gate.
 26632 | Spider:1 | Entered Level 1 of the Spider Nest
 26641 | Spider:1 | Identified the +2 robe "Ibualarr" {Regen+ Str+5} (Okawaru
                  | gifted it to you on level 1 of the Spider Nest)
 26641 | Spider:1 | Received a gift from Okawaru
 27535 | Spider:1 | Reached skill level 15 in Fighting
 27574 | Spider:1 | Reached XP level 19. HP: 201/201 MP: 21/21
 27939 | Spider:1 | Upgraded the game from 0.30-a0-870-gc5d4c5acee to
                  | 0.30-a0-937-ga0a21ad780
 28876 | Spider:3 | Identified the +1 robe "Pejop" {Dex+2}
 28996 | Spider:3 | Reached skill level 20 in Unarmed Combat
 29595 | Spider:3 | Identified the +3 glaive of the Omega Point {drain, rN++
                  | Dex-4} (Okawaru gifted it to you on level 3 of the Spider
                  | Nest)
 29595 | Spider:3 | Received a gift from Okawaru
 29651 | Spider:4 | Entered Level 4 of the Spider Nest
 30604 | Spider:4 | Got a gossamer rune of Zot
 31050 | Elf:2    | Received a gift from Okawaru
 31437 | Elf:3    | Entered Level 3 of the Elven Halls
 31487 | Elf:3    | Received a gift from Okawaru
 31604 | Elf:3    | Found Diggepib's Overcharged Wands.
 31627 | Elf:3    | Bought a wand of digging (11) for 693 gold pieces
 31691 | Elf:3    | Reached XP level 20. HP: 142/215 MP: 22/22
 31899 | Abyss:3  | Cast into level 3 of the Abyss (a deep elf demonologist)
 31946 | Abyss:3  | Found a corrupted altar of Lugonu.
 32011 | Abyss:3  | Got an abyssal rune of Zot
 32091 | Abyss:3  | Gained mutation: You are resistant to electric shocks.
                  | (rElec) [a neqoxec]
 32118 | Elf:3    | Escaped the Abyss
 32127 | Elf:3    | Gained mutation: Your flesh is cold resistant. (rC+) [a
                  | cacodemon]
 32341 | Elf:3    | Identified the ring of Lennowu {rPois rC++ Str-4}
 32402 | Elf:3    | Reached skill level 15 in Throwing
 32413 | Elf:3    | Received a gift from Okawaru
 32418 | Elf:3    | Identified the ring of Jealousy {*Corrode Str+5 Dex+6}
 32467 | Elf:3    | Received a gift from Okawaru
 32493 | Elf:3    | Identified the scarf "Muuduas" {+Inv, Int+2 Dex+4} (Okawaru
                  | gifted it to you on level 3 of the Elven Halls)
 32493 | Elf:3    | Received a gift from Okawaru
 32697 | Elf:3    | Identified the +9 battleaxe of the Snake Pit {freeze, rN++
                  | rCorr}
 32756 | Elf:3    | Got Kisiar's Excursus on Virulence and the Wendigo
 32763 | Elf:3    | Identified the amulet "Angoloz" {Spirit Str+3 Dex+2}
 32865 | Elf:3    | Identified the +4 arbalest "Wasmetem" {heavy, *Slow rF+
                  | MP+9}
 33169 | Vaults:1 | Entered Level 1 of the Vaults
 33393 | Vaults:1 | Found a portal to a secret trove of treasure.
 33798 | Vaults:1 | Reached skill level 10 in Dodging
 33812 | Vaults:1 | Learned a level 6 spell: Statue Form
 34733 | Vaults:2 | Found Zeviunem's Jewellery Shoppe.
 34820 | Vaults:2 | Found a huge runed gate.
 34820 | Vaults:2 | Found a huge runed gate.
 34825 | Vaults:2 | Found a huge runed gate.
 34830 | Vaults:2 | Received a gift from Okawaru
 34850 | Vaults:2 | Reached XP level 21. HP: 42/226 MP: 23/23
 34940 | Vaults:2 | Found a huge runed gate.
 34941 | Vaults:2 | Found a huge runed gate.
 34957 | Vaults:2 | Found a huge runed gate.
 34957 | Vaults:2 | Found a huge runed gate.
 34961 | Vaults:2 | Found a huge runed gate.
 34961 | Vaults:2 | Found a huge runed gate.
 34961 | Vaults:2 | Found a huge runed gate.
 34967 | Vaults:2 | Found a huge runed gate.
 34967 | Vaults:2 | Found a huge runed gate.
 34967 | Vaults:2 | Found a huge runed gate.
 34967 | Vaults:2 | Found a huge runed gate.
 34967 | Vaults:2 | Found a huge runed gate.
 34967 | Vaults:2 | Found a huge runed gate.
 34968 | Vaults:2 | Found a huge runed gate.
 34969 | Vaults:2 | Found a huge runed gate.
 34970 | Vaults:2 | Found a huge runed gate.
 34979 | Vaults:2 | Found a huge runed gate.
 34979 | Vaults:2 | Found a huge runed gate.
 34979 | Vaults:2 | Found a huge runed gate.
 34979 | Vaults:2 | Found a huge runed gate.
 34979 | Vaults:2 | Found a huge runed gate.
 34979 | Vaults:2 | Found a huge runed gate.
 34980 | Vaults:2 | Found a huge runed gate.
 35040 | Vaults:2 | Found a huge runed gate.
 35040 | Vaults:2 | Found a huge runed gate.
 35040 | Vaults:2 | Found a huge runed gate.
 35040 | Vaults:2 | Found a huge runed gate.
 35040 | Vaults:2 | Found a huge runed gate.
 35041 | Vaults:2 | Found a huge runed gate.
 35075 | Vaults:2 | Found a huge runed gate.
 35076 | Vaults:2 | Found a huge runed gate.
 35077 | Vaults:2 | Found a huge runed gate.
 35078 | Vaults:2 | Found a huge runed gate.
 35485 | Vaults:2 | Found a staircase to the Crypt.
 35532 | Vaults:2 | Noticed an ancient lich
 35534 | Vaults:2 | Received a gift from Okawaru
 35539 | Vaults:2 | Killed an ancient lich
 35730 | Vaults:3 | Identified the amulet of the Coward {RegenMP Harm rC- rCorr
                  | Dex+6}
 35960 | Vaults:3 | Identified the ring of Rydeats {Int+2 Dex+6}
 36041 | Vaults:3 | Identified the +1 robe "Amamucs" {*Corrode rN+ Dex+2
                  | Stlth+} (Okawaru gifted it to you on level 3 of the Vaults)
 36041 | Vaults:3 | Received a gift from Okawaru
 36224 | Vaults:3 | Reached skill level 21 in Unarmed Combat
 36701 | Vaults:3 | You fall into a shaft and drop 1 floor!
 37164 | Vaults:4 | Noticed Mara
 37166 | Vaults:4 | Received a gift from Okawaru
 37180 | Vaults:4 | Noticed hellse's illusion
 37181 | Vaults:4 | Killed Mara
 37557 | Vaults:4 | Reached XP level 22. HP: 236/239 MP: 24/24
 37672 | Vaults:4 | Reached skill level 22 in Unarmed Combat
 38367 | Depths:1 | Entered Level 1 of the Depths
 38391 | Depths:1 | Found a gateway to Hell.
 38603 | Depths:1 | Found a flickering gateway to a bazaar.
 38612 | Bazaar   | Entered a bazaar
 38612 | Bazaar   | Found Geatiko's Jewellery Emporium.
 38612 | Bazaar   | Found Ulotuor's General Store.
 38612 | Bazaar   | Found Bumeony's Antique Weapon Shoppe.
 38612 | Bazaar   | Found Aquetir's Jewellery Shop.
 38658 | Bazaar   | Found Liyvy's Magic Scroll Shoppe.
 38658 | Bazaar   | Found Ruemm's Distillery.
 38666 | Bazaar   | Bought a scroll of magic mapping for 82 gold pieces
 38666 | Bazaar   | Bought a scroll of teleportation for 33 gold pieces
 38666 | Bazaar   | Bought a scroll of magic mapping for 82 gold pieces
 38671 | Bazaar   | Bought a potion of curing for 54 gold pieces
 38671 | Bazaar   | Bought a potion of resistance for 180 gold pieces
 38671 | Bazaar   | Bought a potion of invisibility for 144 gold pieces
 38671 | Bazaar   | Bought a potion of haste for 180 gold pieces
 38677 | Bazaar   | Bought 2 potions of brilliance for 144 gold pieces
 38683 | Bazaar   | Bought a scroll of silence for 142 gold pieces
 38683 | Bazaar   | Bought a potion of magic for 120 gold pieces
 38683 | Bazaar   | Bought a potion of heal wounds for 75 gold pieces
 38683 | Bazaar   | Bought a wand of polymorph (6) for 126 gold pieces
 38790 | Depths:1 | You fall into a shaft and drop 1 floor!
 39128 | Depths:1 | Found an ancient bone altar of Kikubaaqudgha.
 39429 | Depths:1 | Found an iron altar of Okawaru.
 39907 | Depths:2 | Identified the +4 quarterstaff of Light {antimagic, Dex+2
                  | Stlth+} (Okawaru gifted it to you on level 2 of the Depths)
 39907 | Depths:2 | Received a gift from Okawaru
 39918 | Depths:2 | HP: 5/245 [fire dragon/blast of flame (31)]
 40241 | Depths:2 | Found Kuzo's Jewellery Boutique.
 40438 | Depths:2 | Noticed a juggernaut
 40438 | Depths:2 | Noticed a golden dragon
 40451 | Depths:2 | Killed a golden dragon
 40459 | Depths:2 | Killed a juggernaut
 40555 | Depths:2 | Gained mutation: You are frail. (-10% HP) [a neqoxec]
 40565 | Depths:2 | Found a one-way gate leading to the halls of Pandemonium.
 40945 | Depths:2 | Upgraded the game from 0.30-a0-937-ga0a21ad780 to
                  | 0.30-a0-953-g5f1da4a474
 41032 | Depths:3 | Received a gift from Okawaru
 41196 | Depths:3 | Received a gift from Okawaru
 41428 | Depths:2 | Identified the +5 hat of the Dwarven Hall {rF+ Regen+
                  | Int-2} (Okawaru gifted it to you on level 2 of the Depths)
 41428 | Depths:2 | Received a gift from Okawaru
 41604 | Depths:3 | Reached XP level 23. HP: 218/232 MP: 25/25
 41633 | Depths:3 | Identified the amulet of Polytheism {Faith rC++ Str-2
                  | Dex+4}
 41676 | Depths:3 | Found Lujuf's Antique Armour Shop.
 41693 | Depths:3 | Found Vuyh's Jewellery Boutique.
 41699 | Depths:3 | Bought a ring of resist corrosion for 340 gold pieces
 41773 | Depths:3 | Found a one-way gate to the infinite horrors of the Abyss.
 42094 | Depths:4 | Entered Level 4 of the Depths
 42228 | Depths:4 | Reached skill level 5 in Invocations
 42416 | Depths:4 | Noticed Mennas
 42591 | Depths:4 | HP: 7/234 [yellow draconian/+0 scimitar (12)]
 42707 | Depths:4 | Killed Mennas
 42918 | Depths:4 | Found a one-way gateway to a ziggurat.
 43161 | Depths:4 | Received a gift from Okawaru
 43419 | Depths:4 | Received a gift from Okawaru
 43436 | Depths:4 | Reached skill level 10 in Invocations
 43462 | Depths:4 | Found a runed translucent door.
 43462 | Depths:4 | Found a runed translucent door.
 43462 | Depths:4 | Found a runed translucent door.
 43536 | Depths:4 | Found a gate to the Realm of Zot.
 43619 | Depths:4 | Found a runed translucent door.
 43644 | Depths:4 | Received a gift from Okawaru
 43649 | Depths:4 | Found a runed translucent door.
 43733 | Depths:4 | Found a runed translucent door.
 44591 | Slime:1  | Entered Level 1 of the Pits of Slime
 44638 | Slime:1  | Gained mutation: You are dopey. (Int -2) [a shining eye]
 44681 | Slime:3  | Received a gift from Okawaru
 44850 | Slime:5  | Entered Level 5 of the Pits of Slime
 44906 | Slime:5  | Noticed the Royal Jelly
 44907 | Slime:5  | Found a viscous altar of Jiyva.
 44916 | Slime:5  | Killed the Royal Jelly
 44987 | Slime:5  | Identified the ring of Woxuituo {rF+ Str+3 Dex+4}
 45020 | Slime:5  | Got a slimy rune of Zot
 45174 | Lair:5   | Lost mutation: You are frail. (-10% HP) [potion of
                  | mutation]
 45174 | Lair:5   | Lost mutation: You are dopey. (Int -2) [potion of mutation]
 45174 | Lair:5   | Lost mutation: You are resistant to electric shocks.
                  | (rElec) [potion of mutation]
 45174 | Lair:5   | Gained mutation: Your flesh is very cold resistant. (rC++)
                  | [potion of mutation]
 45174 | Lair:5   | Gained mutation: You possess an exceptional clarity of
                  | mind. [potion of mutation]
 45484 | Vaults:5 | Entered Level 5 of the Vaults
 45484 | Vaults:5 | Noticed a dread lich
 45501 | Vaults:4 | Reached skill level 10 in Armour
 45502 | Vaults:4 | Reached XP level 24. HP: 232/270 MP: 31/31
 45534 | Vaults:4 | Received a gift from Okawaru
 45580 | Vaults:4 | Paralysed by a dread lich for 5 turns
 45591 | Vaults:4 | Killed a dread lich
 45652 | Vaults:5 | Noticed a dread lich
 45800 | Vaults:5 | Noticed Bai Suzhen
 45809 | Vaults:5 | Killed Bai Suzhen
 45851 | Vaults:5 | Identified the +6 war axe of Kuudy {heavy, *Slow Str+4
                  | Dex+3} (Okawaru gifted it to you on level 5 of the Vaults)
 45851 | Vaults:5 | Received a gift from Okawaru
 45958 | Vaults:5 | Identified the +2 robe "Hohoowk" {Drain +Blink Int+3
                  | Slay+2}
 45966 | Vaults:5 | Identified the +4 barding of Pofougol {MP+9}
 45972 | Vaults:5 | Got a silver rune of Zot
 45978 | Vaults:5 | Identified the +1 plate armour of the Skies Above {rCorr}
 46003 | Vaults:5 | Noticed a dread lich
 46011 | Vaults:5 | Killed a dread lich
 46032 | Vaults:5 | Killed a dread lich
 46060 | Vaults:5 | Received a gift from Okawaru
 46089 | Vaults:5 | Reached skill level 10 in Shields
 46252 | Vaults:5 | Received a gift from Okawaru
 46316 | Vaults:5 | Identified the ring "Rufo" {Fly MP+9}
 47398 | D:9      | Identified the +5 scale mail "Qafi Ces" {Slay+2}
 47900 | Orc:2    | Bought a potion of cancellation for 136 gold pieces
 47999 | Elf:3    | Bought a wand of iceblast (18) for 648 gold pieces
 47999 | Elf:3    | Bought a wand of quicksilver (18) for 1134 gold pieces
 47999 | Elf:3    | Bought a wand of mindburst (30) for 630 gold pieces
 47999 | Elf:3    | Bought a wand of mindburst (30) for 630 gold pieces
 48105 | Orc:2    | Bought an embroidered scarf for 216 gold pieces
 48411 | D:2      | Fell from the grace of Okawaru
 48411 | D:2      | Became a worshipper of the Shining One
 48839 | Crypt:1  | Entered Level 1 of the Crypt
 48944 | Crypt:1  | Reached * piety under the Shining One
 49199 | Crypt:1  | Reached ** piety under the Shining One
 49541 | Crypt:1  | Found a burning altar of Makhleb.
 49590 | Crypt:1  | Reached *** piety under the Shining One
 50186 | Crypt:2  | Reached XP level 25. HP: 278/278 MP: 33/33
 50214 | Crypt:2  | Reached skill level 15 in Invocations
 50393 | Crypt:2  | Reached **** piety under the Shining One
 51478 | Crypt:3  | Entered Level 3 of the Crypt
 51491 | Crypt:3  | Reached ***** piety under the Shining One
 51614 | Crypt:3  | Identified a scroll of acquirement
 51631 | Crypt:3  | Acquired a manual of Unarmed Combat
 51695 | Crypt:3  | Reached ****** piety under the Shining One
 51772 | Crypt:3  | Found a staircase to the Tomb.
 51858 | Crypt:3  | Reached skill level 23 in Unarmed Combat
 52004 | Crypt:3  | Reached skill level 24 in Unarmed Combat
 52016 | Crypt:3  | Found a basalt altar of Yredelemnul.
 52016 | Crypt:3  | Found an ancient bone altar of Kikubaaqudgha.
 52052 | Crypt:3  | Identified the ring "Julul" {rPois Dex+3}
 53066 | Zot:1    | Entered Level 1 of the Realm of Zot
 53411 | Zot:1    | HP: 19/417 [tentacled monstrosity (7)]
 53413 | Zot:1    | HP: 5/417 [constriction (8)]
 53685 | Zot:1    | Reached skill level 25 in Unarmed Combat
 54424 | Depths:3 | Voluntarily entered the Abyss.
 54472 | Abyss:3  | Found a corrupted altar of Lugonu.
 54508 | Depths:3 | Escaped the Abyss
 54951 | Zig:1    | Entered Level 1 of a ziggurat
 54988 | Zig:2    | Entered Level 2 of a ziggurat
 55315 | Zig:3    | Entered Level 3 of a ziggurat
 55483 | Zig:4    | Entered Level 4 of a ziggurat
 55486 | Zig:4    | Noticed Suet the pandemonium lord
 55496 | Zig:4    | Killed Suet the pandemonium lord
 55521 | Zig:5    | Entered Level 5 of a ziggurat
 55526 | Zig:5    | Noticed Xober the pandemonium lord
 55534 | Zig:5    | Killed Xober the pandemonium lord
 55546 | Zig:5    | Was forgiven by Okawaru
 55578 | Zig:5    | Identified the +9 plate armour of the Fiend {Regen+ rCorr
                  | Dex+4}
 55653 | Zig:6    | Entered Level 6 of a ziggurat
 55686 | Zig:6    | Identified the +1 whip "Xyts" {heavy, Drain Int+6}
 55687 | Zig:6    | Identified the staff of fire "Lepucw" {rElec rF+ Will+}
 55691 | Zig:6    | Identified the +8 quick blade of Sasarodgh {flame, rPois
                  | Will- rCorr Int+4}
 56081 | Zot:4    | Reached XP level 26. HP: 288/288 MP: 34/34
 56196 | Zot:3    | Identified the +2 cloak of the Fifty Nights {Will+ Dex+5}
 56196 | Zot:3    | Identified the +0 cloak "Nuag" {Dex+3}
 56199 | Zot:3    | Noticed Joggorr's ghost (veteran OgBe)
 56202 | Zot:3    | Found a transporter.
 56210 | Zot:3    | Found a bloodstained altar of Trog.
 56219 | Zot:3    | Found a transporter.
 56254 | Zot:3    | Killed Joggorr's ghost
 56292 | Zot:3    | HP: 5/288 [green draconian/+0 flail (16)]
 56428 | Zot:3    | Identified the ring "Wointis" {Fly rC++ rCorr Str+2 Int-2}
 56434 | Zot:3    | Identified the +4 falchion of Sotipnu {heavy, rN+ MP+9
                  | Str+3}
 56589 | Zot:5    | Entered Level 5 of the Realm of Zot
 56594 | Zot:5    | Found a transporter.
 56601 | Zot:5    | Found a transporter.
 56610 | Zot:5    | Noticed an ancient lich
 56612 | Zot:5    | Noticed a dread lich
 56615 | Zot:5    | Noticed a dread lich
 56615 | Zot:5    | Noticed an ancient lich
 56622 | Zot:5    | Noticed an orb of fire
 56625 | Zot:5    | Noticed an ancient lich
 56629 | Zot:5    | Noticed an orb of fire
 56865 | Zot:5    | Killed a dread lich
 56897 | Zot:5    | Noticed an orb of fire
 56900 | Zot:5    | Killed an ancient lich
 56916 | Zot:5    | Killed an orb of fire
 56925 | Zot:5    | Noticed a dread lich
 56925 | Zot:5    | Noticed a dread lich
 56931 | Zot:5    | Gained mutation: Your flesh is heat resistant. (rF+) [an
                  | orb of fire]
 56939 | Zot:5    | Killed an orb of fire
 56946 | Zot:5    | Killed a dread lich
 56950 | Zot:5    | Killed an ancient lich
 56958 | Zot:5    | Killed a dread lich
 56997 | Zot:5    | Noticed an orb of fire
 57007 | Zot:5    | Killed an orb of fire
 57036 | Zot:5    | Noticed an ancient lich
 57039 | Zot:5    | Noticed a dread lich
 57049 | Zot:5    | Killed an ancient lich
 57052 | Zot:5    | Noticed an ancient lich
 57053 | Zot:5    | Killed a dread lich
 57055 | Zot:5    | Noticed a dread lich
 57058 | Zot:5    | Killed an ancient lich
 57062 | Zot:5    | Killed a dread lich
 57105 | Zot:5    | Got the Orb of Zot
 57552 | D:5      | Reached XP level 27. HP: 296/296 MP: 35/35
 57633 | D:$      | Escaped with the Orb!

Illustrated notes

Levels and vault maps discovered:
D:1:      grunt_arrival_lava_bath, layout_rooms, hex_large,
          lexackson_kobold_supper
D:2:      layout_basic, basic_altar
D:3:      minmay_diamond_boxcup, layout_basic
D:4:      layout_rooms, mainiacjoe_overflow_six_doors_small,
          grunt_dithmenos_smoke, minmay_temple_entry_junction_2
D:5:      layout_rooms, tgw_xom
D:6:      layout_gridville, lightli_ossuary_entry_decrepit_ruins, uniq_duvessa,
          uniq_sigmund
D:7:      layout_basic, mainiacjoe_overflow_concentric_impassable,
          mainiacjoe_overflow_cross_hatched, enter_bailey_7
D:8:      layout_basic, makhleb_altar_promises_db, dreamdust_gnoll_shepherd,
          uniq_pikel
D:9:      layout_cave_pools, kennysheep_orc_monster_closet_entryway
D:10:     layout_loops_ring, uniq_maggie
D:11:     layout_big_octagon, serial_shops, nicolae_shop_bloodbath_and_beyond,
          uniq_grum
D:12:     layout_loops_corners, drop_trap, hangedman_decor_opposing,
          hangedman_abyss_or_decor_slice, uniq_jorgrun
D:13:     layout_small_grid, david_vaults_4, serial_shops, bzr_entry_safe,
          nicolae_elevator_lobby_plus
D:14:     layout_loops_corners, nemelex_diamond_rough_becter, uniq_frances,
          uniq_lodul
D:15:     gammafunk_depths_entry_grave, layout_gridville,
          chequers_serial_rivers_micro_e
Temple:   nicolae_temple_slightly_damp_pantheon
Lair:1:   layout_roguey, gauntlet_entry_generic, uniq_fannar, uniq_erica
Lair:2:   layout_regular_city, spider_nest_entry_funnel_web,
          nicolae_volcano_entry_vermiform, infiniplex_staircase_pool_2,
          grunt_megastairs_4
Lair:3:   layout_regular_city, nicolae_swamp_entry_splash_gauntlet,
          grunt_megastairs_3
Lair:4:   layout_hall_layers, grunt_forest_large_clearings, lemuel_fruit_fields
Lair:5:   gammafunk_lair_ancient_temple, layout_regular_city,
          nicolae_slime_entry_field_trip, st_stairs_3, minivault_24,
          minivault_11, chequers_serial_rivers_marsh
Swamp:1:  layout_falls_marsh, evilmike_swamp_ruin_house_6, swamp_pool3,
          cheibrodos_swamp_minitomb
Swamp:2:  layout_basic_swamp, evilmike_swamp_ruin_house_4,
          nicolae_swamp_bean_lake, infiniplex_staircase_pool, uniq_kirke,
          uniq_nikola, uniq_mlioglotl
Swamp:3:  layout_basic_swamp, evilmike_swamp_ruin_house_2
Swamp:4:  swamp_fiery, layout_basic_swamp, swamp_pool3,
          nicolae_swamp_trees_clearing, grunt_hermit_hut
Spider:1: layout_chambers
Spider:2: layout_spider_delve
Spider:3: layout_spider_delve
Spider:4: grunt_spider_rune_circles, drop_trap
Slime:1:  layout_caves
Slime:2:  layout_caves, basic_altar, cheibrodos_slime_lost_civilization_7
Slime:3:  layout_caves
Slime:4:  layout_caves
Slime:5
Orc:1:    layout_caves, nicolae_orc_flooded_monolith
Orc:2:    grunt_orc_cross, layout_diamond_mine, uniq_nessos, uniq_snorg
Elf:1:    cheibrodos_salmonella, layout_onion_city, serial_shops, shop,
          hangedman_elf_disciples
Elf:2:    nicolae_elf_blades_crystal_corner, layout_geoelf_diagonals,
          glass_columns_a
Elf:3:    minmay_elf_hall_spiked, layout_geoelf_grid,
          nicolae_shop_overcharged_wands
Vaults:1: v_misc_26, v_rooms_2, vaults_mumra_chevron_long,
          ontoclasm_vaults_gateway, v_pattern_3,
          nicolae_vaults_little_squares_5, layout_vaults_omnigrid,
          nicolae_trove_entry_free_sample
Vaults:2: ontoclasm_vaults_misaligned, minmay_crypt_entry_simple_round,
          grunt_vaults_diagonal, door_vault, v_misc_16,
          ontoclasm_vaults_ligature, nicolae_vaults_little_squares_3, v_misc_23,
          vaults_dpeg_hooks, vaults_room_pools, layout_vaults_big_cross,
          serial_shops, shop
Vaults:3: dpeg_vaults_monster_row, nicolae_vaults_little_ls,
          nicolae_vaults_network_periphery, hangedman_vaults_variations,
          nicolae_vaults_puzzle_piece, ontoclasm_vaults_chip, v_misc_11,
          serial_ice_b, ontoclasm_vaults_shout, nicolae_vaults_specimen_jars,
          ontoclasm_vaults_loading_screen, layout_vaults_omnibox
Vaults:4: v_pattern_2, v_misc_28, nicolae_vaults_bisected_exclaves,
          nicolae_vaults_big_ls, hangedman_vaults_river_flow,
          vaults_room_octagon, v_misc_8, v_alt_pattern_3, v_misc_17,
          vaults_room_hallway, hangedman_vaults_stitches, v_misc_25,
          hangedman_vaults_corner_blocks, nicolae_vaults_ring_of_whatevers,
          v_misc_24, layout_vaults_maze, uniq_mara
Vaults:5: uniq_bai_suzhen
Crypt:1:  layout_misc_corridors, nicolae_nh_vlads_tower
Crypt:2:  layout_chaotic_city
Crypt:3:  lightli_unholy_cathedral, layout_chaotic_city,
          nicolae_tomb_entry_unfolded_pyramid_diagonal
Depths:1: layout_basic, hellmonk_okawaru_the_only_friend_you_need,
          pf_hell_entry_tar_spiral, serial_shops, bzr_entry_dummy,
          serial_sigils_hangedman_carve, minmay_door_square,
          nicolae_kikubaaqudgha_miasma_corner
Depths:2: minmay_the_grid_triangle_9x9_recursive_2
          [minmay_the_grid_triangle_9x9_prize_top_heavy,
          minmay_the_grid_triangle_9x9_zippers_horizontal,
          minmay_the_grid_triangle_9x9_longest,
          minmay_the_grid_triangle_9x9_thin_v], layout_honeycomb,
          nicolae_lava_and_water, serial_shops, kennysheep_mini_moat,
          rand_demon_pan_entry_1, hell_entry, minmay_tree_intersection
Depths:3: nicolae_terramorphic_expanse [nicolae_terramorphic_quarter,
          nicolae_terramorphic_quarter, nicolae_terramorphic_quarter,
          nicolae_terramorphic_quarter, nicolae_terramorphic_quarter,
          nicolae_terramorphic_biome, nicolae_terramorphic_biome,
          nicolae_terramorphic_biome, nicolae_terramorphic_biome],
          layout_cave_pools, hell_entry, minmay_holes, abyss_entry,
          rand_demon_pan_entry_4, hex_tiny, minmay_shoptagon
Depths:4: evilmike_zot_entry_castle, layout_basic, enter_ziggurat_f,
          lightli_too_deep, rand_demon_pan_entry_3, uniq_mennas
Zot:1:    layout_twisted_circle
Zot:2:    kennysheep_blocky_hall, layout_gridlike, drop_trap,
          nicolae_diode_basic
Zot:3:    layout_concentric_octagons, gammafunk_ghost_wrathful_warriors
Zot:4:    layout_basic
Zot:5:    layout_basic, serial_nicolae_subway, nicolae_sub_station_stone,
          nicolae_sub_station_crystal, nicolae_sub_station_metal

Skill      XL: |  1  2  3  4  5  6  7  8  9 10 11 12 13 14 15 16 17 18 19 20 21 22 23 24 25 26 |
---------------+-------------------------------------------------------------------------------+-----
Unarmed Combat | 3 4 5 6 7 10 11 14 15 18 19 20 21 22 25 | 25.0
Fighting       | 3 4 6 8 10 11 12 13 15 16 17 18 20 21 | 21.2
Throwing       | 2 5 8 9 10 12 13 15 17 | 17.6
Dodging        | 3 4 6 10 11 | 11.9
Invocations    | 4 13 14 17 19 | 19.9
Armour         | 4 8 9 10 11 | 11.4
Shields        | 7 8 10 | 10.6
Evocations     | 4 |  4.2
Stealth        | 4 |  4.5

Action                     |  1- 3 |  4- 6 |  7- 9 | 10-12 | 13-15 | 16-18 | 19-21 | 22-24 | 25-27 || total
---------------------------+-------+-------+-------+-------+-------+-------+-------+-------+-------++-------
  Melee: Unarmed           |    31 |   259 |   267 |   700 |   614 |  1051 |  1524 |  1806 |  1412 ||  7664
         Punch             |       |     4 |     8 |    14 |       |       |       |       |       ||    26
  Throw: Dart              |       |       |     4 |     3 |       |       |       |       |       ||     7
         Javelin           |       |       |     3 |     6 |     5 |    19 |    12 |    10 |     6 ||    61
         Boomerang         |       |       |     9 |       |       |       |       |       |       ||     9
         Large rock        |       |       |       |    10 |    24 |    59 |    18 |    13 |    22 ||   146
 Invoke: Heroism           |       |       |       |     3 |     2 |     6 |     6 |    13 |       ||    30
         Finesse           |       |       |       |       |       |       |       |     3 |       ||     3
         Cleansing Flame   |       |       |       |       |       |       |       |       |    18 ||    18
         Divine Shield     |       |       |       |       |       |       |       |       |     1 ||     1
         Summon Divine War |       |       |       |       |       |       |       |       |     1 ||     1
  Evoke: Wand              |       |       |     2 |     5 |       |       |     6 |     3 |     1 ||    17
         Condenser vane    |       |       |       |       |       |     3 |       |     1 |       ||     4
    Use: Scroll            |     1 |       |     9 |    10 |     6 |     7 |     2 |    12 |     9 ||    56
         Potion            |       |       |     2 |       |     3 |     8 |     7 |    11 |    12 ||    43
   Stab: Sleeping          |       |    15 |     4 |     1 |       |       |       |       |       ||    20
         Distracted        |       |       |     2 |     1 |       |       |     1 |     1 |       ||     5
         Invisible         |       |       |       |     1 |       |       |       |       |       ||     1
         Petrified         |       |       |       |       |     3 |       |       |       |       ||     3
         Confused          |       |       |       |       |       |     3 |       |       |       ||     3
 Armour: Robe              |    10 |    54 |    57 |    73 |       |       |       |       |       ||   194
         Swamp dragon scal |       |       |       |    78 |       |       |       |       |       ||    78
         Acid dragon scale |       |       |       |    63 |       |       |       |       |       ||    63
         Ice dragon scales |       |       |       |    41 |   473 |   549 |   860 |   505 |       ||  2428
         Gold dragon scale |       |       |       |       |       |       |       |   550 |   967 ||  1517
  Dodge: Dodged            |    20 |   149 |   192 |   391 |   269 |   407 |   673 |   716 |   461 ||  3278
  Block: Kite shield       |       |       |       |   227 |   560 |   654 |   960 |  1095 |   959 ||  4455

Table legend: (Time is in decaauts)
 A = Elapsed time spent in this place.
 B = Non-inter-level travel time spent in this place.
 C = Inter-level travel time spent in this place.
 D = Time resting spent in this place.
 E = Time spent auto-exploring this place.
 F = Levels seen in this place.
 G = Mean time per level.
                   A        B        C        D        E       F      G
               +--------+--------+--------+--------+--------+-----+--------+
         Total |  55766 |  48706 |   7060 |   5678 |  29283 |  70 |  796.7 |
       Dungeon |  14389 |  11269 |   3120 |    525 |   7927 |  15 |  959.3 |
        Temple |    139 |     86 |     53 |      0 |     75 |   1 |  139.0 |
          Lair |   5758 |   4854 |    904 |    315 |   3161 |   5 | 1151.6 |
         Swamp |   3001 |   2857 |    144 |    185 |   1971 |   4 |  750.2 |
   Spider Nest |   4044 |   3773 |    271 |    310 |   2644 |   4 | 1011.0 |
    Slime Pits |    487 |    468 |     19 |     80 |      6 |   5 |   97.4 |
  Orcish Mines |   1904 |   1400 |    504 |     16 |   1009 |   2 |  952.0 |
   Elven Halls |   3705 |   3363 |    342 |    314 |   2033 |   3 | 1235.0 |
        Vaults |   6890 |   6158 |    732 |    546 |   4075 |   5 | 1378.0 |
         Crypt |   3633 |   3522 |    111 |    900 |   1820 |   3 | 1211.0 |
        Depths |   6411 |   5742 |    669 |    960 |   3264 |   4 | 1602.8 |
           Zot |   2483 |   2295 |    188 |    688 |    710 |   5 |  496.6 |
         Abyss |    279 |    279 |      0 |      0 |     35 |   2 |  139.5 |
      Ziggurat |    718 |    718 |      0 |    504 |      0 |   6 |  119.7 |
        Bazaar |    158 |    158 |      0 |      0 |     98 |   2 |   79.0 |
       Ossuary |    167 |    167 |      0 |      0 |     86 |   1 |  167.0 |
        Bailey |    606 |    606 |      0 |    147 |    150 |   1 |  606.0 |
       Volcano |    275 |    275 |      0 |    144 |      0 |   1 |  275.0 |
      Gauntlet |    711 |    711 |      0 |     42 |    218 |   1 |  711.0 |
               +--------+--------+--------+--------+--------+-----+--------+

Top non-repeatable levels by time:
Depths:4: 2489 daAuts
Depths:2: 1618 daAuts
Vaults:1: 1587 daAuts
Spider:1: 1524 daAuts
  Lair:2: 1456 daAuts
Vaults:2: 1404 daAuts
   Elf:1: 1355 daAuts
Vaults:4: 1344 daAuts
Vaults:5: 1323 daAuts
   Zot:1: 1314 daAuts
   Orc:2: 1305 daAuts
 Crypt:1: 1296 daAuts
 Crypt:2: 1278 daAuts
Depths:1: 1263 daAuts
   Elf:3: 1247 daAuts
